 Dungeon Crawl Stone Soup version 0.31-a0-441-g867994ef1c (webtiles) character file.

Game seed: 8742991222705834877

275 floatRand the Ruffian (level 6, -4/70 HPs)
             Began as a Meteoran Shapeshifter on Aug 3, 2023.
             Slain by an ogre
             ... wielding a +0 giant club
              (14 damage)
             ... on level 5 of the Dungeon.
             The game lasted 00:01:54 (396 turns).

floatRand the Ruffian (Meteoran Shapeshifter)        Turns: 396, Time: 00:01:54

Health: -4/70      AC: 23    Str: 17    XL:     6   Next: 80%
Magic:  7/7        EV:  2    Int: 10    God:
Gold:   54         SH:  0    Dex: 16    Spells: 5/5 levels left

rFire   . .          .
                       - Unarmed
rCold   + . .        (no shield)
rNeg    . . .        a - melded +0 animal skin
rPois   +            (helmet currently unavailable)
rElec   .            (cloak currently unavailable)
rCorr   .            (gloves currently unavailable)
SInv    .            (boots currently unavailable)
Will    .....        (no amulet)
Stlth   +            j - ring of protection from cold
HPRegen 0.31/turn    (no ring)
MPRegen 0.10/turn

%: no passive effects
@: lethally poisoned (-4 -> -6), tree-form (expiring), glowing
A: stationary, stasis, torment immunity, boosted hp, sense surroundings 1,
otherworldly, glowing, explore regen
a: no special abilities


You were on level 5 of the Dungeon.
You were a tree.
You visited 1 branch of the dungeon, and saw 5 of its levels.

You collected 54 gold pieces.

Inventory:

Armour
 a - a +0 animal skin (melded)
Jewellery
 j - a ring of protection from cold (left branch)
Talismans
 c - a beast talisman
Scrolls
 d - a scroll of identify
 e - a scroll of vulnerability {unknown}
 f - a scroll of poison {unknown}
 h - a scroll of blinking


   Skills:
 - Level 1.1 Fighting
 - Level 2.4 Dodging
 * Level 7.0 Unarmed Combat
 + Level 5.1 Shapeshifting


You had 5 spell levels left.
You didn't know any spells.
Your spell library contained the following spells:

 Spells                   Type           Power      Damage    Failure   Level
 Ensorcelled Hibernation  Hex/Ice        0%         N/A       50%         2
 Passwall                 Tmut/Erth      0%         N/A       50%         2
 Swiftness                Air            0%         N/A       75%         3


Dungeon Overview and Level Annotations

Branches:
Dungeon (5/15) Zot: 2608
 Temple: D:4-7

Altars:


Innate Abilities, Weirdness & Mutations

You are a tree.
Your roots penetrate the ground, keeping you stationary.
You cannot be teleported.
You are immune to unholy pain and torment.
Your maximum health is greatly increased.
Your equipment is partially melded.
You passively map a small area around you.
You are easily found by Zot.
You glow in the dark.
You regain HP and MP as you explore.


Message History

You smack the water moccasin!
The water moccasin is severely wounded.
The water moccasin bites you but does no damage.
The water moccasin bites you.
You are poisoned.
The water moccasin poisons you!
You miss the water moccasin.
The water moccasin is severely wounded.
You feel very sick.
The water moccasin bites you but does no damage.
An orc comes into view. It is wielding a +0 mace.
You closely miss the water moccasin.
The water moccasin is severely wounded.
You feel sick. The water moccasin barely misses you.
An orc breaks down the door.
Found a red potion.
You miss the water moccasin.
The water moccasin is severely wounded.
You feel sick.
The water moccasin bites you but does no damage.
You smack the water moccasin!
You kill the water moccasin!
You feel sick.
Your Unarmed Combat skill increases to level 7!
Your Shapeshifting skill increases to level 5!
You smack the orc!
You kill the orc!
You feel sick.
You hit the orc.
You kill the orc!
You feel sick.
You barely miss the ogre.
Your transformation is almost over.
You feel sick.
The ogre hits you with a +0 giant club!!
* * * LOW HITPOINT WARNING * * *
You smack the ogre!
The ogre is heavily wounded.
You feel sick. The ogre hits you with a +0 giant club!
You die...

*### , , *
o. * *.. ,,
.# * #., , ,
#.# * ,,
,#.# , # ..#
* , , .. #
,,.# ..#* *
#$#!* ..#
..l... ,,
.'##..#
.##### *
*#O..# ## **
* ,, #♣#,,
,* , #)#####
* *, #.#...#
, *
+*#...#.# *
+S....+##..#
#.o.#.* #.##
#.. .. #.. ,
* . ,..#
.#..* ..
.,..


You could see an ogre.

Vanquished Creatures
  A water moccasin (D:5)
  A black bear (D:5)
  A bullfrog (D:4)
  A dart slug (D:2)
  2 orcs (D:5)
  2 ball pythons
  4 endoplasms
  2 goblins
  A hobgoblin (D:1)
  A frilled lizard (D:1)
  A kobold (D:2)
17 creatures vanquished.

Notes
Turn   | Place    | Note
-------+----------+-------------------------------------------
     0 | D:1      | floatRand the Meteoran Shapeshifter began the quest for the
                  | Orb.
     0 | D:1      | Reached XP level 1. HP: 16/16 MP: 2/2
    63 | D:1      | Reached XP level 2. HP: 18/23 MP: 3/3
    64 | D:1      | Reached skill level 4 in Unarmed Combat
   272 | D:3      | You fall into a shaft and drop 1 floor!
   329 | D:4      | Noticed a bullfrog
   335 | D:4      | Killed a bullfrog
   336 | D:4      | Reached skill level 5 in Unarmed Combat
   336 | D:4      | Reached XP level 3. HP: 12/28 MP: 4/4
   336 | D:4      | Reached XP level 4. HP: 15/35 MP: 5/5
   373 | D:5      | Entered Level 5 of the Dungeon
   376 | D:5      | Noticed a black bear
   378 | D:5      | Noticed a water moccasin
   386 | D:5      | Noticed an ogre
   387 | D:5      | Killed a black bear
   388 | D:5      | Reached skill level 6 in Unarmed Combat
   388 | D:5      | Reached XP level 5. HP: 37/40 MP: 6/6
   388 | D:5      | Reached XP level 6. HP: 43/47 MP: 7/7
   392 | D:5      | Killed a water moccasin
   393 | D:5      | Reached skill level 7 in Unarmed Combat
   393 | D:5      | Reached skill level 5 in Shapeshifting
   396 | D:5      | Slain by an ogre

Illustrated notes

Levels and vault maps discovered:
D:1:      wander_arrival_fairy_ring, layout_loops_ring,
          hellmonk_ecumenical_altar_crossroads, minmay_ruptured
D:2:      minmay_alternating_diamond, layout_loops_ring, basic_altar,
          serial_shops, shop, uniq_crazy_yiuf_cottage
D:3:      layout_loops_cross, mainiacjoe_overflow_alcove_1,
          overflow_temple_1_default, mainiacjoe_overflow_concentric_impassable,
          uniq_grinder
D:4:      layout_basic, lemuel_mausoleum_altar_yredelemnul,
          mainiacjoe_overflow_chevrons, hangedman_decor_clover_reticule,
          chequers_serial_rivers_small_b, minmay_pentangle, uniq_edmund
D:5:      corexii_shantytown, layout_loops_ring, minmay_temple_entry_slanted,
          gammafunk_ghost_smash, minmay_fractal_squares_diagonal_5, uniq_sigmund

Skill      XL: |  1  2  3  4  5  6 |
---------------+-------------------+-----
Unarmed Combat | 5 6 7 |  7.0
Shapeshifting  | 4 5 |  5.1
Fighting       | |  1.1
Dodging        | |  2.4

Action                     |  1- 3 |  4- 6 || total
---------------------------+-------+-------++-------
  Melee: Unarmed           |    24 |    17 ||    41
         Punch             |     1 |       ||     1
    Use: Scroll            |     3 |     1 ||     4
         Potion            |       |     1 ||     1
 Armour: Animal skin       |     1 |       ||     1
         Skin              |       |     8 ||     8
  Dodge: Dodged            |     5 |     5 ||    10

Table legend: (Time is in decaauts)
 A = Elapsed time spent in this place.
 B = Non-inter-level travel time spent in this place.
 C = Inter-level travel time spent in this place.
 D = Time resting spent in this place.
 E = Time spent auto-exploring this place.
 F = Levels seen in this place.
 G = Mean time per level.
                   A        B        C        D        E       F      G
               +--------+--------+--------+--------+--------+-----+--------+
         Total |    390 |    390 |      0 |     13 |      0 |   5 |   78.0 |
       Dungeon |    390 |    390 |      0 |     13 |      0 |   5 |   78.0 |
               +--------+--------+--------+--------+--------+-----+--------+

Top non-repeatable levels by time:
     D:2: 163 daAuts
     D:4: 100 daAuts
     D:1: 68 daAuts
     D:3: 37 daAuts
     D:5: 21 daAuts
